 Dungeon Crawl Stone Soup version 0.31-a0-885-gbe960a18b5 (webtiles) character file.

Game seed: 16458976389944097915

400 IndexError the Digger (level 6, -10/32 HPs)
             Began as a Gargoyle Earth Elementalist on Oct 16, 2023.
             Shot with an arrow by a centaur (15 damage)
             ... on level 5 of the Dungeon.
             The game lasted 00:05:07 (4480 turns).

IndexError the Digger (Gargoyle Earth Elementalist) Turns: 4480, Time: 00:05:07

Health: -10/32     AC:  8    Str: 11    XL:     6   Next: 84%
Magic:  9/13       EV: 11    Int: 24    God:
Gold:   224        SH:  0    Dex: 10    Spells: 10/14 levels left

rFire   . . .        r - +0 sling
rCold   . . .        (no shield)
rNeg    + . .        a - +0 robe
rPois   ∞            (no helmet)
rElec   +            s - +0 cloak
rCorr   .            j - +0 pair of gloves
SInv    .            (no boots)
Will    .....        (no amulet)
Stlth   ++           d - +6 ring of intelligence
HPRegen 0.25/turn    o - ring of flight {+Fly, !d}
MPRegen 0.13/turn

%: no passive effects
@: flying
A: sickness immunity, AC +4, negative energy resistance 1, electricity
resistance, torment resistance 1, petrification resistance
a: no special abilities


You were on level 5 of the Dungeon.
You visited 1 branch of the dungeon, and saw 5 of its levels.

You collected 224 gold pieces.

Inventory:

Hand Weapons
 r - a +0 sling (weapon)
   (You took it off a goblin on level 3 of the Dungeon)
Missiles
 u - 6 javelins
Armour
 a - a +0 robe (worn)
 j - a +0 pair of gloves (worn)
   (You found it on level 1 of the Dungeon)
 s - a +0 cloak (worn)
   (You found it on level 3 of the Dungeon)
Magical Staves
 e - a staff of fire {rF+}
   (You found it on level 1 of the Dungeon)
Jewellery
 d - a +6 ring of intelligence (left hand)
   (You found it on level 1 of the Dungeon)
 o - a ring of flight (right hand) {+Fly, !d}
   (You found it on level 2 of the Dungeon)
Wands
 p - a wand of iceblast (9)
   (You found it on level 2 of the Dungeon)
 q - a wand of digging (4)
   (You found it on level 2 of the Dungeon)
Scrolls
 f - a scroll of revelation {unknown}
 g - a scroll of noise {unknown}
 h - 6 scrolls of identify {unknown}
 k - a scroll of vulnerability {unknown}
 l - a scroll of enchant weapon {unknown}
 n - 3 scrolls of blinking {unknown}
 t - 2 scrolls of teleportation {unknown}
 v - a scroll of summoning {unknown}
Potions
 b - a potion of magic
 c - a potion of heal wounds {unknown}
 i - 4 potions of curing {unknown}
 m - a potion of enlightenment {unknown}
 w - a potion of brilliance {unknown}


   Skills:
 - Level 1.5 Dodging
 - Level 2.1 Stealth
 + Level 4.8 Spellcasting
 - Level 0.7 Transmutations
 + Level 6.8 Earth Magic


You had 10 spell levels left.
You knew the following spells:

 Your Spells              Type           Power      Damage    Failure   Level
a - Sandblast             Erth           76%        2d16      1%          1
x - Stone Arrow           Conj/Erth      44%        3d9       7%          3

Your spell library contained the following spells:

 Spells                   Type           Power      Damage    Failure   Level
 Passwall                 Tmut/Erth      19%        N/A       3%          2
 Summon Small Mammal      Summ           20%        N/A       9%          1
 Petrify                  Tmut/Erth      23%        N/A       19%         4
 Brom's Barrelling Bould  Conj/Erth      22%        2d4       22%         4
 Call Canine Familiar     Summ           5%         N/A       26%         3
 Dazzling Flash           Conj/Hex       10%        N/A       26%         3
 Summon Guardian Golem    Hex/Summ       5%         N/A       26%         3
 Volatile Blastmotes      Fire/Tloc      10%        2d10      26%         3
 Starburst                Conj/Fire      2%         6d3       100%        6
 Maxwell's Capacitive Co  Air            2%         ∞         100%        8


Dungeon Overview and Level Annotations

Branches:
Dungeon (5/15)
 Temple: D:4-7

Altars:

Annotations:
D:5 exclusion: yak


Innate Abilities, Weirdness & Mutations

You are immune to sickness and miasma.
Your stone body is resilient. (AC +4)
You are immune to poison.
You resist negative energy. (rN+)
You are resistant to electric shocks. (rElec)
You are resistant to unholy torment.
You are immune to petrification.


Message History

The gnoll hits you from afar with a +0 halberd.
You take 2 damage, and have 30/32 hp.
You now have 11/12 mp.
Casting: Sandblast (safe; 1% risk of failure)
Confirm with . or Enter, or press ? or * to list all spells.
Aiming: Sandblast (safe; 1% risk of failure)
Press: ? - help, Shift-Dir - straight line, f/p - gnoll
Aim: a gnoll, wielding a +0 halberd (86% to hit)
The blast of sand hits the gnoll.
An adder comes into view.
The gnoll hits you but does no damage.
The adder moves out of view.
You now have 10/12 mp.
Casting: Sandblast (safe; 1% risk of failure)
Confirm with . or Enter, or press ? or * to list all spells.
Aiming: Sandblast (safe; 1% risk of failure)
Press: ? - help, Shift-Dir - straight line, f/p - gnoll
Aim: a gnoll, wielding a +0 halberd (heavily wounded, 86% to hit)
The blast of sand hits the gnoll!
You now have 9/13 mp.
Casting: Sandblast (safe; 1% risk of failure)
Confirm with . or Enter, or press ? or * to list all spells.
Aiming: Sandblast (safe; 1% risk of failure)
Press: ? - help, Shift-Dir - straight line, f - adder
Aim: an adder (wandering, hasn't noticed you, 73% to hit)
The blast of sand hits the adder!
The adder hisses angrily.
The adder bites you. The adder bites you but does no damage.
You take 2 damage, and have 29/32 hp.
You now have 8/13 mp.
Casting: Sandblast (safe; 1% risk of failure)
Confirm with . or Enter, or press ? or * to list all spells.
Aiming: Sandblast (safe; 1% risk of failure)
Press: ? - help, Shift-Dir - straight line, f/p - adder
Aim: an adder (severely wounded, 73% to hit)
The blast of sand hits the adder!!
You now have 7/13 mp.
HP restored.
There is an open door here.
You see here an adder corpse.
Things that are here:
a +0 halberd; a gnoll corpse You now have 224 gold pieces (gained 16).
You see here a +0 spear.
Things that are here:
a +0 halberd; a gnoll corpse
There is an open door here.
You see here an adder corpse.
You see here 6 stones.
You see here 6 stones.
An iguana comes into view.
Health restored: 32; MP restored: 13
Casting: Sandblast (safe; 1% risk of failure)
Confirm with . or Enter, or press ? or * to list all spells.
Aiming: Sandblast (safe; 1% risk of failure)
Press: ? - help, Shift-Dir - straight line, f - iguana
Aim: an iguana (asleep, 100% to hit)
The blast of sand hits the iguana!!
You now have 12/13 mp.
Casting: Sandblast (safe; 1% risk of failure)
Confirm with . or Enter, or press ? or * to list all spells.
You can't see any susceptible monsters within range! (Use Z to cast anyway.)
You see here an iguana corpse.
You reach down and open the door.
A centaur comes into view.
MP restored: 13
Casting: Sandblast (safe; 1% risk of failure)
Confirm with . or Enter, or press ? or * to list all spells.
Aiming: Sandblast (safe; 1% risk of failure)
Press: ? - help, Shift-Dir - straight line, f - centaur
Aim: a centaur (asleep, 100% to hit)
The blast of sand hits the centaur!
The centaur shouts!
You hear a shout!
The centaur wields a +0 orcbow.
The centaur shoots an arrow.
The arrow hits you!
An orc comes into view. It is wielding a +0 war axe.
The centaur shoots an arrow.
The arrow misses you.
You take 9 damage, and have 23/32 hp.
MASSIVE DAMAGE!!
You now have 12/13 mp.
Casting: Sandblast (safe; 1% risk of failure)
Confirm with . or Enter, or press ? or * to list all spells.
Aiming: Sandblast (safe; 1% risk of failure)
Press: ? - help, Shift-Dir - straight line, f/p - centaur
Aim: a centaur, wielding a +0 orcbow (severely wounded, 90% to hit)
The blast of sand hits the orc.
You now have 11/13 mp.
Casting: Sandblast (safe; 1% risk of failure)
Confirm with . or Enter, or press ? or * to list all spells.
Aiming: Sandblast (safe; 1% risk of failure)
Press: ? - help, Shift-Dir - straight line, f/p - centaur
Aim: a centaur, wielding a +0 orcbow (severely wounded, 90% to hit)
The blast of sand hits the orc!!
The centaur shoots an arrow.
The arrow hits you!
The centaur shoots an arrow.
The arrow closely misses you.
You take 9 damage, and have 15/32 hp.
MASSIVE DAMAGE!!
You now have 10/13 mp.
Casting: Sandblast (safe; 1% risk of failure)
Confirm with . or Enter, or press ? or * to list all spells.
Aiming: Sandblast (safe; 1% risk of failure)
Press: ? - help, Shift-Dir - straight line, f/p - centaur
Aim: a centaur, wielding a +0 orcbow (severely wounded, 90% to hit)
The blast of sand hits the centaur.
The centaur shoots an arrow.
The arrow barely misses you.
The centaur shoots an arrow.
The arrow hits you!
* * * LOW HITPOINT WARNING * * *
The centaur shoots an arrow.
The arrow hits you!
You die...

#.# ##+## #.# #.#
#.#### #.#
##....#####.####
#†.##...........
####.....##+##.....
#.....####.. ####..
#...### #.. ###
#.@## #h. #.#
#..)c?# #.l #))
#..##.# #.. #.#
#... # #Y. ### ###$
#.. ## #....#
....#.# ###... #..


You could see a centaur.

Vanquished Creatures
  An ogre (D:4)
  A hound (D:5)
  A gnoll bouda (D:4)
  An iguana (D:5)
  6 gnolls
  4 adders
  3 dart slugs
  6 orcs
  10 ball pythons
  8 bats
  4 endoplasms
  5 giant cockroaches
  5 goblins
  9 hobgoblins
  20 jackals
  6 quokkas
  2 frilled lizards (D:1)
  7 kobolds
  23 rats
122 creatures vanquished.

Notes
Turn   | Place    | Note
-------+----------+-------------------------------------------
     0 | D:1      | IndexError the Gargoyle Earth Elementalist began the quest
                  | for the Orb.
     0 | D:1      | Reached XP level 1. HP: 10/10 MP: 3/3
   161 | D:1      | Reached XP level 2. HP: 15/15 MP: 1/5
   172 | D:1      | Reached skill level 4 in Earth Magic
   191 | D:1      | HP: 2/15 [frilled lizard (3)]
   451 | D:1      | Reached XP level 3. HP: 19/19 MP: 4/6
  1153 | D:1      | Reached skill level 3 in Spellcasting
  1528 | D:2      | Reached XP level 4. HP: 20/24 MP: 1/8
  2311 | D:3      | Reached skill level 5 in Earth Magic
  2701 | D:3      | Reached XP level 5. HP: 28/28 MP: 8/10
  3590 | D:4      | Noticed an ogre
  3594 | D:4      | Killed an ogre
  3595 | D:4      | Reached skill level 4 in Spellcasting
  3595 | D:4      | Reached skill level 6 in Earth Magic
  3595 | D:4      | Reached XP level 6. HP: 11/32 MP: 6/12
  3715 | D:4      | HP: 6/32 [gnoll/+0 flail[a gnoll bouda] (5)]
  4182 | D:4      | Learned a level 3 spell: Stone Arrow
  4194 | D:5      | Entered Level 5 of the Dungeon
  4377 | D:5      | Noticed a yak
  4480 | D:5      | HP: 5/32 [centaur/arrow (10)]
  4480 | D:5      | Shot with an arrow by a centaur

Illustrated notes

Levels and vault maps discovered:
D:1:      wander_arrival_estate, layout_basic, minmay_misc_feat_five,
          minmay_misc_feat_more_columns, hex_medium, nrook_mini_backslash
D:2:      layout_loops_ring, wad_orctagon
D:3:      layout_basic, minmay_rat_hole
D:4:      layout_basic, minmay_distorted
D:5:      layout_loops_corners, kennysheep_flooded_box, minmay_divided_ellipse,
          uniq_duvessa

Skill      XL: |  1  2  3  4  5 |
---------------+----------------+-----
Earth Magic    | 4 5 6 |  6.8
Spellcasting   | 3 4 |  4.8
Dodging        | |  1.5
Stealth        | |  2.1
Transmutations | |  0.7

Action                     |  1- 3 |  4- 6 || total
---------------------------+-------+-------++-------
  Melee: Dagger            |    24 |     3 ||    27
   Fire: Sling             |       |    35 ||    35
   Cast: Sandblast         |    57 |    96 ||   153
 Armour: Robe              |    45 |    46 ||    91
  Dodge: Dodged            |    37 |    48 ||    85

Table legend: (Time is in decaauts)
 A = Elapsed time spent in this place.
 B = Non-inter-level travel time spent in this place.
 C = Inter-level travel time spent in this place.
 D = Time resting spent in this place.
 E = Time spent auto-exploring this place.
 F = Levels seen in this place.
 G = Mean time per level.
                   A        B        C        D        E       F      G
               +--------+--------+--------+--------+--------+-----+--------+
         Total |   4570 |   4265 |    305 |      0 |   3676 |   5 |  914.0 |
       Dungeon |   4570 |   4265 |    305 |      0 |   3676 |   5 |  914.0 |
               +--------+--------+--------+--------+--------+-----+--------+

Top non-repeatable levels by time:
     D:1: 1312 daAuts
     D:2: 1146 daAuts
     D:3: 1071 daAuts
     D:4: 828 daAuts
     D:5: 212 daAuts

Levels and vault maps discovered:
D:1:      wander_arrival_estate, layout_basic, minmay_misc_feat_five,
          minmay_misc_feat_more_columns, hex_medium, nrook_mini_backslash
D:2:      layout_loops_ring, wad_orctagon
D:3:      layout_basic, minmay_rat_hole
D:4:      layout_basic, minmay_distorted
D:5:      layout_loops_corners, kennysheep_flooded_box, minmay_divided_ellipse,
          uniq_duvessa

Table legend: (Time is in decaauts)
 A = Elapsed time spent in this place.
 B = Non-inter-level travel time spent in this place.
 C = Inter-level travel time spent in this place.
 D = Time resting spent in this place.
 E = Time spent auto-exploring this place.
 F = Levels seen in this place.
 G = Mean time per level.
                   A        B        C        D        E       F      G
               +--------+--------+--------+--------+--------+-----+--------+
         Total |   4570 |   4265 |    305 |      0 |   3676 |   5 |  914.0 |
       Dungeon |   4570 |   4265 |    305 |      0 |   3676 |   5 |  914.0 |
               +--------+--------+--------+--------+--------+-----+--------+

Top non-repeatable levels by time:
     D:1: 1312 daAuts
     D:2: 1146 daAuts
     D:3: 1071 daAuts
     D:4: 828 daAuts
     D:5: 212 daAuts

Table legend:
 A = Kills in this place as a percentage of kills in the entire game.
 B = Kills by you in this place as a percentage of kills by you in the entire game.
 C = Kills by friends in this place as a percentage of kills by friends in the entire game.
 D = Other kills in this place as a percentage of other kills in the entire game.
 E = Experience gained in this place as a percentage of experience gained in the entire game.
 F = Experience gained in this place divided by the number of levels of this place that you have seen.
                   A       B       C       D       E      F
               +-------+-------+-------+-------+-------+----------------------
         Total | 100.0 | 100.0 |   N/A |   N/A | 100.0 | 114.4
       Dungeon | 100.0 | 100.0 |   N/A |   N/A | 100.0 | 114.4
               +-------+-------+-------+-------+-------+----------------------
